Match 46213958
Unlisted

Match 46213958
End
Vickers Machine Gun Team
Construct Section Command Post
Infantry Section
Infantry Section
Construct Platoon Command Post
Selects Air and Sea Battlegroup
Selects Air and Sea Battlegroup
Selects Supply Surplus
Construct Resource Cache
CMP 15cwt Truck
Construct Resource Cache
Selects Commando Section Paradrop
Selects Commando Support Section Paradrop
Commando Section Paradrop
CMP 15cwt Truck
Construct Resource Cache
Commando Section Paradrop
CMP 15cwt Truck
Construct Company Command Post
Tanzeel
shor
General Winter
Suckobert
Ra11
Lyco
Clavis
FLOKL
0
0

Comments sign in to comment!

No comments posted yet!